Map: Romanticide LE

Players

MaNa

  • Race: Protoss Protoss

ShoWTimE - Winner!

  • Race: Protoss Protoss

Event: DreamHack SC2 Masters 2021 Fall

VOD

Have the link to the VOD?

Description

Time

  • Played on: Aug. 3, 2021, 12:01 p.m.
  • Length: 11:54

All games in this series

Show
View Real Time Build Order
Export as new Build Order

MaNa Protoss 

Build Orders: Oracle Opening 

Get SALT Encoding   

  12  0:00  Probe  
  13  0:12  Probe  
  14  0:17  Pylon  
  14  0:24  Probe (Chrono Boost)  
  15  0:36  Probe (Chrono Boost)  
  15  0:37  Gateway  
  16  0:44  Probe (Chrono Boost)  
  16  0:47  Assimilator  
  17  0:51  Probe  
  18  1:03  Probe (Chrono Boost)  
  19  1:04  Assimilator  
  20  1:11  Gateway  
  20  1:12  Probe (Chrono Boost)  
  20  1:17  Probe (Chrono Boost)  
  20  1:24  Cybernetics Core  
  21  1:29  Probe  
  22  1:35  Pylon  
  22  1:41  Probe  
  23  1:53  Probe  
  24  2:02  Adept x2, Warp Gate  
  24  2:05  Probe  
  29  2:19  Pylon  
  29  2:28  Stargate  
  29  2:33  Adept  
  31  2:37  Adept, Probe  
  33  3:01  Nexus  
  33  3:05  Probe  
  34  3:11  Oracle (Chrono Boost)  
  34  3:17  Probe  
  38  3:23  Pylon  
  38  3:29  Probe  
  39  3:38  Oracle (Chrono Boost)  
  42  3:41  Probe  
  43  3:53  Robotics Facility, Probe  
  44  4:03  Stalker  
  44  4:05  Probe  
  47  4:16  Stalker  
  49  4:18  Probe  
  49  4:20  Probe  
  49  4:21  Shield Battery  
  51  4:30  Probe  
  53  4:41  Warp Prism  
  53  4:42  Probe  
  53  4:43  Sentry x2  
  59  4:52  Probe  
  60  4:54  Gateway  
  61  5:04  Gateway  
  61  5:06  Gateway  
  61  5:08  Stalker  
  61  5:12  Pylon  
  62  5:20  Pylon  
  62  5:29  Twilight Council  
  62  5:30  Probe x2  
  64  5:38  Stalker x2  
  64  5:42  Probe x2  
  70  5:45  Assimilator  
  70  5:56  Probe x2  
  72  5:59  Stalker x2  
  72  6:00  Pylon, Stalker  
  78  6:10  Blink (Chrono Boost)  
  78  6:18  Probe x2  
  80  6:23  Forge  
  80  6:30  Probe x2  
  80  6:31  Assimilator  
  82  6:42  Probe  
  82  6:45  Stalker x3  
  86  6:52  Protoss Ground Weapons Level 1 (Chrono Boost)  
  86  7:06  Pylon  
  86  7:08  Nexus  
  86  7:12  Probe  
  86  7:21  Gateway  
  86  7:24  Probe  
  86  7:26  Probe  
  85  7:33  Stalker x5  
  85  7:36  Probe  
  93  7:38  Probe  
  92  7:48  Probe  
  92  7:50  Probe  
  94  7:51  Gateway x2  
  94  7:53  Gateway  
  94  8:03  Templar Archives  
  94  8:08  Charge, Shield Battery  
  94  8:15  Pylon  
  94  8:19  Pylon, Probe x2  
  96  8:21  Probe  
  94  8:31  Probe x2  
  97  8:34  Probe  
  97  8:37  Assimilator  
  97  8:38  Protoss Ground Weapons Level 2 (Chrono Boost)  
  97  8:39  Assimilator  
  97  8:44  Probe x2  
  97  8:46  Probe  
  100  8:55  High Templar  
  100  8:56  High Templar x3  
  100  8:57  Zealot x4  
  100  8:58  Zealot  
  118  9:03  Archon x2  
  118  9:06  Pylon  
  118  9:08  Immortal (Chrono Boost)  
  122  9:19  Pylon  
  122  9:22  Gateway  
  122  9:26  High Templar x2  
  122  9:28  Zealot x3  
  122  9:30  Archon  
  132  9:37  Pylon  
  132  9:38  Pylon  
  132  9:41  Observer  
  125  9:55  Robotics Bay  
  125  9:56  Observer  
  125  9:57  Robotics Facility, Probe x3  
  128  10:04  High Templar x2  
  132  10:08  Archon  
  132  10:26  Nexus  
  132  10:38  Pylon  
  132  10:41  Colossus x2 (Chrono Boost)  
  143  10:57  Pylon  
  143  11:05  Pylon  
  143  11:06  Pylon  
  139  11:19  Shield Battery  
  139  11:21  Pylon  
  139  11:22  Zealot x10  
  116  11:42  Zealot  
  116  11:43  Zealot x9  
Show
View Real Time Build Order
Export as new Build Order

ShoWTimE Protoss - Winner!

Build Orders: Phoenix Opening 

Get SALT Encoding   

  12  0:00  Probe  
  13  0:12  Probe  
  14  0:17  Pylon  
  14  0:24  Probe (Chrono Boost)  
  15  0:36  Gateway, Probe (Chrono Boost)  
  16  0:44  Probe (Chrono Boost)  
  16  0:45  Assimilator  
  17  0:51  Probe  
  18  1:03  Probe (Chrono Boost)  
  19  1:04  Assimilator  
  19  1:09  Gateway  
  19  1:12  Probe (Chrono Boost)  
  19  1:17  Probe (Chrono Boost)  
  20  1:23  Cybernetics Core  
  21  1:29  Probe  
  22  1:35  Pylon  
  22  1:41  Probe  
  23  1:53  Probe  
  24  2:00  Sentry, Stalker  
  28  2:05  Probe, Warp Gate  
  29  2:12  Pylon  
  29  2:16  Shield Battery  
  29  2:26  Pylon  
  29  2:29  Stalker  
  31  2:33  Phoenix  
  33  2:43  Stargate  
  31  2:55  Nexus  
  31  3:02  Probe  
  32  3:07  Shield Battery  
  32  3:14  Probe  
  33  3:25  Phoenix (Chrono Boost)  
  33  3:26  Shield Battery, Probe  
  36  3:35  Pylon  
  36  3:39  Probe  
  37  3:44  Pylon  
  37  3:49  Phoenix  
  37  3:53  Probe  
  40  4:00  Stalker  
  42  4:04  Pylon  
  42  4:05  Probe  
  42  4:07  Probe  
  44  4:11  Phoenix  
  44  4:17  Phoenix  
  44  4:18  Probe (Chrono Boost)  
  48  4:24  Probe (Chrono Boost)  
  48  4:30  Probe (Chrono Boost)  
  49  4:35  Probe x2 (Chrono Boost)  
  51  4:42  Phoenix  
  51  4:44  Probe x2  
  55  4:53  Robotics Facility  
  55  4:55  Pylon  
  55  4:56  Probe x2  
  57  5:04  Stalker  
  59  5:08  Probe x2  
  59  5:13  Assimilator  
  61  5:14  Forge  
  61  5:20  Stalker, Probe  
  65  5:29  Pylon  
  65  5:32  Stalker  
  65  5:34  Pylon  
  66  5:35  Phoenix  
  68  5:44  Immortal (Chrono Boost)  
  68  5:45  Shield Battery  
  72  5:51  Sentry  
  72  5:53  Pylon  
  72  5:54  Pylon  
  74  5:59  Adept  
  76  6:05  Pylon, Phoenix  
  76  6:11  Shield Battery  
  78  6:15  Immortal (Chrono Boost)  
  82  6:20  Probe x2  
  82  6:23  Assimilator  
  84  6:29  Protoss Ground Weapons Level 1 (Chrono Boost)  
  84  6:32  Probe x2  
  86  6:44  Probe x2  
  86  6:45  Warp Prism (Chrono Boost)  
  90  6:54  Twilight Council  
  90  6:56  Probe x2  
  90  7:00  Gateway  
  92  7:01  Gateway  
  92  7:08  Probe  
  92  7:09  Gateway x2  
  93  7:16  Observer  
  93  7:19  Nexus  
  94  7:24  Pylon, Probe  
  94  7:25  Probe  
  96  7:35  Charge  
  96  7:37  Probe x2  
  97  7:39  Immortal (Chrono Boost)  
  102  7:49  Probe  
  103  7:54  Templar Archives  
  103  7:55  Gateway  
  103  7:58  Shield Battery  
  103  8:05  Zealot x3  
  109  8:13  Observer  
  109  8:15  Gateway  
  110  8:21  Assimilator  
  110  8:24  Protoss Ground Weapons Level 2 (Chrono Boost)  
  110  8:26  Assimilator  
  110  8:28  Probe x2  
  110  8:34  High Templar x2  
  114  8:37  Archon  
  114  8:40  Pylon  
  114  8:45  Probe x3  
  117  8:48  Pylon  
  117  8:50  High Templar x2, Phoenix  
  117  8:51  Zealot x2  
  117  8:55  Archon  
  125  9:05  Pylon  
  125  9:08  High Templar x2  
  125  9:09  Zealot  
  131  9:10  Pylon  
  131  9:12  Archon  
  131  9:14  Nexus  
  131  9:17  Pylon  
  131  9:19  Pylon  
  131  9:24  High Templar x2, Zealot x2  
  133  9:28  Archon, Phoenix  
  133  9:29  Pylon  
  139  9:33  Zealot x2  
  143  9:46  High Templar x2, Zealot x2  
  143  9:52  Pylon, Archon  
  151  9:53  Gateway  
  151  9:54  Pylon  
  151  9:55  Gateway  
  151  10:01  High Templar x2  
  151  10:02  Zealot x2  
  151  10:05  Phoenix, Probe x3  
  151  10:06  Archon  
  162  10:16  Zealot x2  
  162  10:20  Robotics Bay  
  166  10:24  Robotics Facility  
  166  10:31  Phoenix  
  166  10:34  Shield Battery, Probe x4  
  170  10:36  Shield Battery, High Templar x2, Zealot x2  
  170  10:39  Pylon  
  170  10:41  Archon  
  170  10:42  Zealot x2  
  182  10:47  Pylon  
  182  10:48  Zealot x2  
  184  10:59  Zealot x4  
  192  11:05  Warp Prism  
  194  11:12  Zealot x3  
  172  11:33  Zealot x10  

Tags
 
Add a new tag
Caveats
  • Supply blocks, unpowered buildings, or Contaminate may cause inaccurate times.
  • Supply counts are checked every 10 seconds.